 Dungeon Crawl Stone Soup version 0.30-b1-2-g02819fbbbe (webtiles) character file.

Game seed: 16687381766629693612

98309 LLlMATKO the Warrior (level 15, -12/144 HPs)
             Began as a Minotaur Berserker on Aug 28, 2023.
             Was a High Priest of Trog.
             Mangled by a white very ugly thing (14 damage)
             ... in an ice cave.
             The game lasted 00:34:03 (24728 turns).

LLlMATKO the Warrior (Minotaur Berserker)          Turns: 24728, Time: 00:34:04

Health: -12/144    AC: 33    Str: 29    XL:     15   Next: 74%
Magic:  2/14       EV: 14    Int: -5 (4) God:    Trog [*****.]
Gold:   910        SH: 18    Dex: 14    Spells: 14/14 levels left

rFire   + . .        v - +0 broad axe (heavy)
rCold   + + .        z - +0 kite shield {rC+ rF+}
rNeg    . . .        r - +7 plate armour "Tiran" {rCorr Dex+4}
rPois   +            R - +1 hat
rElec   +            a - +2 cloak
rCorr   +            P - +0 pair of gloves {hurl}
SInv    +            D - +1 pair of boots {Stlth+}
Will    +++..        J - amulet of reflection Stlth
                     W - ring of poison resistance
HPRegen 1.44/turn    E - ring "Dacosm" {rElec rC+ rCorr SInv}
MPRegen 0.14/turn

%: reflection
@: strong-willed, on berserk cooldown, regenerating, slowed, lost intelligence,
unable to read, very slow
A: horns 2, retaliatory headbutt
a: Renounce Religion, Berserk, Trog's Hand, Brothers in Arms


You were in an ice cave.
You worshipped Trog.
Trog was extremely pleased with you.
You visited 3 branches of the dungeon, and saw 22 of its levels.
You visited 1 bazaar.
You also visited: Ice Cave.

You collected 2474 gold pieces.
You spent 1564 gold pieces at shops.

Inventory:

Hand Weapons
 v - a +0 heavy broad axe (weapon)
 x - a +4 war axe
 A - a +2 war axe of freezing
 F - a +3 spear
Missiles
 k - 26 poisoned darts (quivered)
 w - a throwing net
 K - 8 curare-tipped darts
 L - 8 javelins
Armour
 a - a +2 cloak (worn)
 r - the +7 plate armour "Tiran" (worn) {rCorr Dex+4}
   (You bought it in a shop in a bazaar)

   Dex:       It affects your dexterity (+4).
   rCorr:     It protects you from acid and corrosion.
 z - a +0 kite shield of resistance (worn)
 D - a +1 pair of boots of stealth (worn)
 P - a +0 pair of gloves of hurling (worn)
 R - a +1 hat (worn)
Jewellery
 f - a ring of protection from fire
 y - a +5 ring of evasion
 B - a +5 ring of evasion
 E - the ring "Dacosm" (right hand) {rElec rC+ rCorr SInv}
   (You found it on level 13 of the Dungeon)

   [ring of resist corrosion]

   rC:        It protects you from cold.
   rElec:     It insulates you from electricity.
   SInv:      It lets you see invisible.
   rCorr:     It protects you from acid and corrosion.
 H - a ring of see invisible
 J - an amulet of reflection (around neck)
 W - a ring of poison resistance (left hand)
 Z - a ring of willpower
Wands
 s - a wand of digging (4)
 C - a wand of paralysis (11)
 I - a wand of mindburst (11)
 V - a wand of flame (17)
 Y - a wand of acid (4)
Scrolls
 b - 2 scrolls of summoning
 d - 4 scrolls of magic mapping
 e - 10 scrolls of identify
 g - 6 scrolls of poison
 j - 8 scrolls of teleportation
 l - 2 scrolls of fog
 m - 7 scrolls of fear
 n - 2 scrolls of enchant armour {unknown}
 o - 4 scrolls of vulnerability {unknown}
 p - 2 scrolls of noise {unknown}
 G - 2 scrolls of blinking {unknown}
 Q - 2 scrolls of enchant weapon {unknown}
Potions
 c - 3 potions of haste
 h - 17 potions of curing
 q - 3 potions of flight
 t - a potion of lignification
 u - 6 potions of heal wounds
 M - a potion of cancellation
 O - a potion of berserk rage {unknown}
 X - 3 potions of might


   Skills:
 + Level 16.1 Fighting
 + Level 16.1 Axes
 + Level 15.9 Armour
 + Level 14.6 Dodging
 + Level 13.7 Shields


You had 14 spell levels left.
You didn't know any spells.
Your spell library was empty.

Dungeon Overview and Level Annotations

Branches:
Dungeon (15/15)            Temple (0/1) D:5            Lair (5/5) D:11
  Swamp (0/4) Lair:2        Snake (0/4) Lair:2        Slime (0/5) Lair:5
    Orc (2/2) D:12            Elf (0/3) Orc:2        Vaults (0/5) D:14
 Depths (0/4) D:15          IceCv (1/1)

Altars:
Cheibriados
Fedhas
Kikubaaqudgha
Makhleb
Nemelex Xobeh
Uskayaw
Vehumet
Xom
Yredelemnul
Zin

Shops:
D:5 !   D:8 (   D:14 ****(   Orc:1 (*(=   Orc:2 *!==(


Innate Abilities, Weirdness & Mutations

You have a pair of horns on your head.
You reflexively headbutt those who attack you in melee.


Message History

Trog accepts your kill.
The golden dragon simulacrum dissolves into shadows!
The freezing wraith dissolves into shadows!
Unknown command.
You chop the freezing wraith into pieces!!!
You destroy the freezing wraith!
Trog accepts your kill.
Unknown command.
You closely miss the freezing wraith.
Your headbutt misses the freezing wraith.
Unknown command.
You barely miss the white very ugly thing.
The white very ugly thing misses you.
Unknown command.
You completely miss the white very ugly thing.
You are no longer berserk.
You are exhausted.
You feel yourself slow down.
The white very ugly thing closely misses you.
Unknown command.
You slash the white very ugly thing!
The white very ugly thing is lightly wounded.
You block the white very ugly thing's attack. x2
Unknown command.
Your troll goes berserk!
The white very ugly thing claws you!
* * * LOW HITPOINT WARNING * * *
The white very ugly thing freezes you! You resist.
* * * LOW HITPOINT WARNING * * *
The white very ugly thing claws you but does no damage.
Unknown command.
Your skin crawls.
You feel strong-willed.
Your troll bites the white very ugly thing!
Your troll claws the white very ugly thing!
Your troll barely misses the white very ugly thing.
The white very ugly thing claws you!
* * * LOW HITPOINT WARNING * * *
The white very ugly thing freezes you! You resist.
You die... #(.....[# #).....?# #.......# .......# .Z...# ZWZ#

##u##
##@.T##
##.....##
#.......#
#.......#
#.......#
#.......#
#.......#
####.####
#[).....#


You could see a white very ugly thing (ally target), a freezing wraith, a
caustic shrike simulacrum and a friendly troll (summoned, berserk).

Vanquished Creatures
  An orc warlord (D:12)
  Nessos (D:14)
  A very ugly thing (IceCv)
  4 dire elephants (Lair:5)
  Azrael (D:14)
  Snorg (Orc:2)
  5 hydras
  7 centaur warriors
  Erolcha (Orc:1)
  Erica (D:11)
  4 boulder beetles
  3 death yaks (Lair:5)
  2 two-headed ogres
  3 tengu warriors
  An orc high priest (Orc:2)
  Urug (Orc:1)
  3 skeletal warriors (D:13)
  4 skysharks
  A spectral anaconda (Lair:5)
  A spectral death yak (Lair:5)
  Lodul (D:14)
  An obsidian statue (Lair:5)
  3 spriggan simulacra (D:15)
  2 orange crystal statues (IceCv)
  Pikel (D:5)
  A deep elf pyromancer (D:14)
  2 orc knights
  3 necromancers (Lair:5)
  5 orc sorcerers (Orc:2)
  13 ugly things
  5 cyclopes
  3 manticores
  An oklob plant (Lair:3)
  A manticore (shapeshifter) (D:14)
  18 elephants
  Maurice (Orc:1)
  A gargoyle (D:11)
  3 black mambas (Lair:5)
  11 cane toads
  A rime drake (Lair:4)
  9 komodo dragons
  An unseen horror (D:12)
  A yaktaur (D:14)
  A kobold demonologist (D:12)
  3 freezing wraiths (IceCv)
  3 anaconda simulacra (IceCv)
  2 polar bears
  7 trolls
  A wolf spider simulacrum (D:14)
  A hornet (D:9)
  2 spectral elephants (Lair:5)
  3 meliai (D:14)
  5 blink frogs
  A blink frog (shapeshifter) (D:13)
  A jumping spider (shapeshifter) (D:12)
  6 slime creatures
  A vampire (D:10)
  2 shadows
  68 yaks
  2 dire elephant simulacra
  A steam dragon (D:8)
  3 wraiths
  A basilisk (D:14)
  6 wyverns
  5 fire elementals (D:14)
  2 death yak simulacra (Lair:5)
  2 minotaur simulacra (D:15)
  3 wargs
  3 spectral cane toads (Lair:5)
  3 harpy simulacra
  7 nagas (Lair:2)
  2 hydra simulacra (IceCv)
  2 acid dragons
  19 water moccasins
  3 hell hounds (D:14)
  A swamp drake (Lair:2)
  A sky beast (D:7)
  2 alligator simulacra
  An elephant zombie (Lair:5)
  A black bear (D:4)
  21 orc warriors
  An ice beast (D:7)
  4 ettin simulacra (IceCv)
  21 wolves
  7 centaurs
  14 ogres
  3 lemures (D:5)
  2 phantoms
  4 kobold brigands
  Blork the orc (D:6)
  A gnoll sergeant (D:12)
  8 bullfrogs
  8 wights
  A lindwurm simulacrum (IceCv)
  8 killer bees (D:8)
  2 elephant simulacra (Lair:5)
  6 electric eels
  A howler monkey (D:9)
  A lava snake (Lair:2)
  2 jellies
  A gnoll bouda (D:5)
  24 orc priests
  11 hounds
  3 sleepcaps
  5 iguanas
  31 orc wizards
  7 gnolls
  8 adders
  2 river rats (D:12)
  2 white imps
  A worm (D:5)
  4 dart slugs
  56 orcs
  7 endoplasms
  4 giant cockroaches
  8 goblins
  8 hobgoblins
  4 quokkas
  6 ball pythons
  3 bats (D:2)
  3 frilled lizards
  26 kobolds
  4 rats
  A bush (D:7)
656 creatures vanquished.

Vanquished Creatures (collateral kills)
  Jorgrun (D:14)
  A dire elephant (Lair:5)
  A death knight (D:14)
  A harpy (D:14)
  3 ugly things (D:14)
  A tengu conjurer (D:14)
  A water moccasin (Lair:5)
9 creatures vanquished.

Vanquished Creatures (others)
  An orc wizard (Orc:2)
  24 fungi
  61 plants
  27 withered plants (Lair:5)
113 creatures vanquished.

Grand Total: 778 creatures vanquished

Notes
Turn   | Place    | Note
-------+----------+-------------------------------------------
     0 | D:1      | LLlMATKO the Minotaur Berserker began the quest for the
                  | Orb.
     0 | D:1      | Reached XP level 1. HP: 19/19 MP: 0/0
   173 | D:1      | Reached XP level 2. HP: 27/27 MP: 1/1
   505 | D:1      | Reached XP level 3. HP: 5/33 MP: 2/2
   823 | D:1      | Found a faded altar of an unknown god.
   949 | D:2      | Reached ** piety under Trog
  1827 | D:3      | Reached XP level 4. HP: 40/40 MP: 3/3
  2516 | D:4      | Noticed a phantom
  2520 | D:4      | Killed a phantom
  2521 | D:4      | Reached XP level 5. HP: 47/47 MP: 4/4
  2676 | D:4      | Reached skill level 5 in Axes
  2956 | D:4      | Noticed a black bear
  2963 | D:4      | Killed a black bear
  2964 | D:4      | Reached skill level 5 in Fighting
  2964 | D:4      | Reached XP level 6. HP: 56/56 MP: 5/5
  3072 | D:4      | Found a sparkling altar of Nemelex Xobeh.
  3108 | D:4      | Found a blossoming altar of Fedhas.
  3254 | D:5      | Entered Level 5 of the Dungeon
  3457 | D:5      | Found a staircase to the Ecumenical Temple.
  3470 | D:5      | Noticed Pikel
  3485 | D:5      | Killed Pikel
  3486 | D:5      | Reached skill level 5 in Armour
  3486 | D:5      | Reached skill level 5 in Dodging
  3486 | D:5      | Reached XP level 7. HP: 59/64 MP: 6/6
  3591 | D:5      | Found Zollonaz's Distillery.
  3934 | D:5      | Reached XP level 8. HP: 71/71 MP: 7/7
  4336 | D:6      | Reached *** piety under Trog
  4425 | D:6      | Found a radiant altar of Vehumet.
  4502 | D:6      | Found a basalt altar of Yredelemnul.
  4558 | D:6      | Noticed Blork the orc
  4569 | D:6      | Killed Blork the orc
  4652 | D:6      | Identified the +10 spear of Terror {flame, Contam Will+
                  | Str+6 Dex-4}
  4804 | D:6      | Identified the +6 dagger of the Fifty Yaks {freeze, +Blink
                  | rC+}
  4839 | D:6      | Found a hide-covered altar of Uskayaw.
  5029 | D:6      | Found a shimmering altar of Xom.
  5466 | D:7      | Reached XP level 9. HP: 62/81 MP: 8/8
  5664 | D:7      | Identified the +2 leather armour of Fedhas's Indignation
                  | {rPois rF++}
  5809 | D:7      | Found an ancient bone altar of Kikubaaqudgha.
  6175 | D:8      | Reached **** piety under Trog
  6467 | D:8      | Found Rofis's Antique Weapon Shoppe.
  6879 | D:8      | Reached skill level 1 in Shields
  7028 | D:8      | Found a snail-covered altar of Cheibriados.
  7285 | D:8      | Bought a glowing war axe for 149 gold pieces
  7408 | D:9      | Noticed a troll
  7419 | D:9      | Killed a troll
  7575 | D:9      | Reached XP level 10. HP: 91/91 MP: 9/9
  8072 | D:10     | Entered Level 10 of the Dungeon
  8283 | D:10     | Found a burning altar of Makhleb.
  8288 | D:10     | Found a glowing silver altar of Zin.
  8288 | D:10     | Noticed an angel
  8288 | D:10     | Noticed an Executioner
  9206 | D:11     | Noticed Erica
  9219 | D:11     | Killed Erica
  9220 | D:11     | Reached skill level 10 in Fighting
  9220 | D:11     | Reached skill level 10 in Axes
  9324 | D:11     | Noticed a green ugly thing
  9338 | D:11     | Killed a green ugly thing
  9426 | D:11     | Reached skill level 5 in Shields
  9445 | D:11     | Reached skill level 10 in Armour
  9458 | D:11     | Noticed a gargoyle
  9496 | D:11     | Killed a gargoyle
  9587 | D:11     | Found a staircase to the Lair.
  9707 | D:11     | Reached XP level 11. HP: 75/101 MP: 10/10
 10167 | Lair:1   | Entered Level 1 of the Lair of Beasts
 10179 | Lair:1   | Reached ***** piety under Trog
 10653 | Lair:1   | Reached skill level 10 in Dodging
 11529 | Lair:2   | Identified the +3 quarterstaff "Nioleb" {drain, rC++ Str-3
                  | Int+3}
 11543 | Lair:2   | Reached XP level 12. HP: 111/111 MP: 11/11
 11572 | Lair:2   | Found a staircase to the Swamp.
 11999 | Lair:2   | Found a staircase to the Snake Pit.
 12299 | Lair:3   | Noticed a five-headed hydra
 12309 | Lair:3   | Killed a nine-headed hydra
 12593 | Lair:3   | Received a gift from Trog
 12788 | Lair:3   | Noticed a seven-headed hydra
 12799 | Lair:3   | Killed a 14-headed hydra
 13059 | Lair:3   | Identified the quicksilver dragon scales of the Forest
                  | {Rampage rC- Will+ Str+6 Dex+2}
 13776 | Lair:4   | Reached XP level 13. HP: 122/122 MP: 12/12
 14307 | Lair:5   | Entered Level 5 of the Lair of Beasts
 14375 | Lair:5   | Reached skill level 10 in Shields
 14791 | Lair:5   | Noticed a dire elephant
 14791 | Lair:5   | Noticed a dire elephant
 14791 | Lair:5   | Noticed a dire elephant
 15318 | Lair:5   | Found a staircase to the Slime Pits.
 15449 | Lair:5   | Noticed a dire elephant
 15451 | Lair:5   | Noticed a dire elephant
 15473 | Lair:5   | Killed a dire elephant
 15479 | Lair:5   | Killed a dire elephant
 15968 | Lair:5   | Killed a dire elephant
 15980 | Lair:5   | Killed a dire elephant
 15981 | Lair:5   | Killed a dire elephant
 15982 | Lair:5   | Reached XP level 14. HP: 132/132 MP: 13/13
 17475 | D:12     | Found a staircase to the Orcish Mines.
 17580 | D:12     | Found a gateway to a bazaar.
 17736 | Bazaar   | Entered a bazaar
 17751 | Bazaar   | Found Hantovio's Antique Armour Emporium.
 17751 | Bazaar   | Found Tegeowyat's Magic Scroll Shoppe.
 17773 | Bazaar   | Found Ipemun's Armour Shoppe.
 17789 | Bazaar   | Found Nuvatoi's General Store.
 17867 | Bazaar   | Bought the +7 plate armour "Tiran" {rCorr Dex+4} for 711
                  | gold pieces
 17881 | Bazaar   | Bought a scroll of magic mapping for 52 gold pieces
 18311 | D:13     | Identified the ring "Dacosm" {rElec rC+ rCorr SInv}
 19092 | Orc:1    | Entered Level 1 of the Orcish Mines
 19092 | Orc:1    | Found Akeffuybb's Weapon Shop.
 19101 | Orc:1    | Found Cikkoev's General Store.
 19102 | Orc:1    | Noticed Maurice
 19102 | Orc:1    | Noticed an orc warlord
 19123 | D:12     | Killed an orc warlord
 19398 | Orc:1    | Killed Maurice
 19468 | Orc:1    | Noticed Erolcha
 19518 | Orc:1    | Killed Erolcha
 19564 | Orc:1    | Bought an amulet of reflection for 390 gold pieces
 19593 | Orc:1    | Reached skill level 15 in Fighting
 19767 | Orc:2    | Entered Level 2 of the Orcish Mines
 19783 | Orc:2    | Reached skill level 15 in Axes
 19913 | Orc:2    | Noticed Snorg
 19944 | Orc:2    | Killed Snorg
 20148 | Orc:2    | Found a staircase to the Elven Halls.
 20198 | Orc:2    | Found Yzonearcha's CLEARANCE SALE!.
 20537 | Orc:1    | Found Qiademer's Weapon Emporium.
 20542 | Orc:1    | Received a gift from Trog
 20573 | Orc:1    | Noticed Urug
 20593 | Orc:1    | Killed Urug
 20707 | Orc:1    | Found Taupot's Jewellery Shop.
 21137 | Orc:2    | Reached skill level 15 in Armour
 21328 | Orc:2    | Found Nuisybuw's Jewellery Emporium.
 21328 | Orc:2    | Found Amuixuc's Distillery.
 21331 | Orc:2    | Found Baolurph's Weapon Emporium.
 21331 | Orc:2    | Found Meig's Jewellery Shoppe.
 21603 | Orc:2    | Found Nuisybuw's Jewellery Emporium.
 21603 | Orc:2    | Found Baolurph's Weapon Emporium.
 21604 | Orc:2    | Found Meig's Jewellery Shoppe.
 21609 | Orc:2    | Found Amuixuc's Distillery.
 21817 | Orc:2    | Found Yzonearcha's CLEARANCE SALE!.
 21817 | Orc:2    | Found a staircase to the Elven Halls.
 22114 | D:14     | Reached XP level 15. HP: 131/141 MP: 14/14
 22184 | D:14     | Found Ofan's General Store.
 22284 | D:14     | Noticed Jorgrun
 22494 | D:14     | Noticed Nessos
 22503 | D:14     | Killed Nessos
 22615 | D:14     | Noticed Azrael
 22632 | D:14     | Killed Azrael
 22667 | D:14     | Reached ****** piety under Trog
 22679 | D:14     | Received a gift from Trog
 22867 | D:14     | Found a blossoming altar of Fedhas.
 22941 | D:14     | Killed Jorgrun
 23128 | D:14     | Found a gate to the Vaults.
 23243 | D:14     | Found Kugidoq's Assorted Antiques.
 23243 | D:14     | Noticed Lodul
 23248 | D:14     | Killed Lodul
 23260 | D:14     | Bought a pair of glowing gloves for 262 gold pieces
 23400 | D:14     | Found a gate to the Vaults.
 23656 | D:14     | Found a blossoming altar of Fedhas.
 23809 | D:14     | Found Ofan's General Store.
 23925 | D:14     | Found Kugidoq's Assorted Antiques.
 23945 | D:14     | Found Ucaatz's Assorted Antiques.
 23997 | D:14     | Found Ucalep's Antique Weapon Emporium.
 24013 | D:14     | Found Apowipn's Assorted Antiques.
 24145 | D:15     | Entered Level 15 of the Dungeon
 24190 | D:15     | Found a frozen archway.
 24199 | IceCv    | Entered an ice cave
 24341 | IceCv    | Received a gift from Trog
 24711 | IceCv    | Lost intelligence.
 24728 | IceCv    | HP: 2/144 [white very ugly thing (12)]
 24728 | IceCv    | Mangled by a white very ugly thing

Illustrated notes

Levels and vault maps discovered:
D:1:      matt_arrival_spirals, layout_basic, chequers_ecumenical_altar_grove
D:2:      cheibrodos_old_hovel, layout_basic
D:3:      layout_basic, minmay_strange_pillars, nrook_loot_triangle,
          hangedman_decor_peaks_small, mrwooster_statue_mirror
D:4:      layout_loops_ring, mainiacjoe_overflow_two_lobes
D:5:      minmay_bubble_buster, layout_basic, minmay_temple_entry_overgrown,
          serial_shops, shop_fountains, uniq_pikel
D:6:      layout_loops_ring, lemuel_crystal_altar, nicolae_uskayaw_dance_studio,
          nicolae_vehumet_altar_sigil, lemuel_round_altar, minivault_5,
          minmay_misc_feat_rows, uniq_blork_the_orc
D:7:      layout_gridville, mainiacjoe_overflow_alcove_4, serial_bayou_pond_c,
          kb_lookout_dungeons_type
D:8:      layout_loops_corners, kennysheep_slug_shrine, serial_shops,
          nicolae_shop_tiny_statue_garden
D:9:      layout_loops_ring
D:10:     layout_basic, grunt_temple_overflow_order_and_chaos_2,
          minmay_misc_feat_encased
D:11:     layout_gridville, erik_lair_island, uniq_erica
D:12:     layout_irregular_city, erik_orc_3, serial_shops, bzr_entry_safe, pond
D:13:     layout_roguey
D:14:     minmay_triangles_in_corner, layout_basic, david_vaults_1,
          serial_shops, nicolae_shop_pleasant_corner_grove, shop,
          nicolae_shop_hallway_plus, shop, shop, fedhas_altar_1, uniq_azrael,
          uniq_jorgrun, uniq_lodul, uniq_nessos
D:15:     grunt_enter_depths_hoard, layout_irregular_city,
          kiku_gazebo_garden_becter, portal_ice_cave_entry_ice_simulacra,
          amethyst_killhole, uniq_kirke
Lair:1:   beast_lair_carwin_large_1, layout_gridlike, serial_bayou_shore_a
Lair:2:   layout_gridlike, minmay_swamp_entry_reptiles,
          minmay_snake_entry_guardpost_large
Lair:3:   layout_roguey, nicolae_quartered_pool_super, wad_woods_road_04
Lair:4:   layout_gridlike, grunt_megastairs_3, lemuel_fruit_fields
Lair:5:   due_jungle_book, layout_long_grid, slime_entry_1
Orc:1:    layout_caves, serial_shops, shop, shop, nicolae_shop_hallway_stairs,
          shop, david_defended_altar_orc, uniq_maurice, uniq_erolcha, uniq_urug
Orc:2:    st_orc_mages, layout_caves, special_room, basic_altar,
          nicolae_shop_clearance, uniq_snorg
IceCv:    ice_cave_statue_garden_chambered

Skill      XL: |  1  2  3  4  5  6  7  8  9 10 11 12 13 14 15 |
---------------+----------------------------------------------+-----
Axes           | 4 5 6 7 9 10 11 12 14 15 16 | 16.1
Fighting       | 4 5 6 7 9 10 11 13 14 15 16 | 16.1
Armour         | 3 4 5 6 7 8 10 11 12 13 15 | 15.9
Dodging        | 3 4 5 6 8 9 10 11 12 13 14 | 14.6
Shields        | 2 5 7 9 11 12 13 | 13.7

Action                     |  1- 3 |  4- 6 |  7- 9 | 10-12 | 13-15 || total
---------------------------+-------+-------+-------+-------+-------++-------
  Melee: Hand axe          |    70 |    79 |   227 |       |       ||   376
         Headbutt          |     9 |    14 |    49 |   125 |   242 ||   439
         War axe           |       |       |    32 |   575 |   722 ||  1329
         Punch             |       |       |     1 |       |       ||     1
         Broad axe         |       |       |       |       |   243 ||   243
  Throw: Javelin           |       |       |     1 |       |       ||     1
         Dart              |       |       |       |     4 |    15 ||    19
 Invoke: Berserk           |     1 |     4 |     5 |    12 |    24 ||    46
         Trog's Hand       |       |       |       |       |     3 ||     3
         Brothers in Arms  |       |       |       |       |     4 ||     4
  Evoke: Wand              |       |       |       |       |     1 ||     1
    Use: Scroll            |       |       |       |     4 |    19 ||    23
         Potion            |       |       |       |       |     2 ||     2
   Stab: Distracted        |       |       |       |       |     2 ||     2
 Armour: Animal skin       |    17 |       |       |       |       ||    17
         Ring mail         |       |    10 |       |       |       ||    10
         Scale mail        |       |    22 |    15 |       |       ||    37
         Chain mail        |       |       |    63 |       |       ||    63
         Plate armour      |       |       |    15 |   190 |   417 ||   622
  Dodge: Dodged            |    49 |    54 |   239 |   328 |   481 ||  1151
  Block: Kite shield       |       |       |    20 |   233 |   635 ||   888
         Reflection        |       |       |       |       |    34 ||    34
